 Dungeon Crawl Stone Soup version 0.19.1 (webtiles) character file.

335974 Llamajah the Peltast (level 23, -7/209 HPs)
             Began as a Formicid Fighter on May 24, 2017.
             Was the Champion of Cheibriados.
             Splashed by a brown very ugly thing's acid (9 damage)
             ... on level 4 of the Vaults on May 25, 2017.
             The game lasted 04:25:41 (42066 turns).

Llamajah the Peltast (Formicid Fighter)            Turns: 42066, Time: 04:25:43

Health: -7/209     AC: 13    Str: 47    XL:     23   Next: 24%
Magic:  27/30      EV: 25    Int: 22    God:    Cheibriados [******]
Gold:   1043       SH: 33    Dex: 26    Spells: 0 memorised, 22 levels left

rFire  . . .     SeeInvis +     P - +7 executioner's axe (elec)
rCold  . . .     Gourm    +     A - +1 plate armour of the Lumpy Ghosts {rPois Regen+}
rNeg   . . .     Faith    .     g - +4 large shield
rPois  +         Spirit   .     (helmet unavailable)
rElec  .         Reflect  .     m - +2 cloak
rCorr  .         Harm     .     n - +2 pair of gloves
MR     ++...                    i - +2 pair of boots
Stlth  ..........               o - amulet of the gourmand
                                I - ring "Buow" {+Inv +Fly Str+5}
                                k - +1 ring of evasion

@: corroded, studying Shields, very slow
A: permanent stasis, dig shafts and tunnels, four strong arms, antennae 3, thin
metallic scales 1, clumsy 1, deformed body, dopey 1, low mp 1, robust 1
a: Dig, Shaft Self, Bend Time, Temporal Distortion, Slouch, Step From Time,
Renounce Religion, Evoke Invisibility, Evoke Flight
}: 1/15 runes: serpentine


You were on level 4 of the Vaults.
You worshipped Cheibriados.
Cheibriados was exalted by your worship.
You were completely stuffed.

You visited 6 branches of the dungeon, and saw 33 of its levels.
You visited 1 bazaar.
You also visited: Labyrinth, Trove and Ice Cave.

You collected 4707 gold pieces.
You spent 3664 gold pieces at shops.

Inventory:

Hand Weapons
 x - a +2 battleaxe of flaming
 P - a +7 executioner's axe of electrocution (weapon)
 U - a +2 battleaxe of freezing
 V - a +7 longbow
Missiles
 T - 936 arrows
Armour
 g - a +4 large shield (worn)
 i - a +2 pair of boots (worn)
 m - a +2 cloak (worn)
 n - a +2 pair of gloves (worn)
 A - the +1 plate armour of the Lumpy Ghosts (worn) {rPois Regen+}
   (You bought it in a shop on level 2 of the Orcish Mines)

   It protects you from poison.
   It increases your rate of regeneration.
Jewellery
 k - a +1 ring of evasion (left hand)
 o - an amulet of the gourmand (around neck)
 I - the ring "Buow" (right hand) {+Inv +Fly Str+5}
   (You found it on level 7 of the Dungeon)

   [ring of flight]

   It affects your strength (+5).
   It lets you turn invisible.
   It lets you fly.
Wands
 p - a wand of enslavement (14/24)
 y - a wand of disintegration (9/24)
 D - a wand of lightning (13/15)
 S - a wand of acid (15/15)
 X - a wand of paralysis (13/24)
Scrolls
 a - 5 scrolls of identify
 h - a scroll of fear
 j - 2 scrolls of holy word
 s - 7 scrolls of remove curse
 G - 2 scrolls of recharging
 H - 2 scrolls of silence
 J - 6 scrolls of vulnerability
 N - 3 scrolls of fog
 W - 3 scrolls of magic mapping
Potions
 d - 4 potions of might
 e - 2 potions of flight
 r - 3 potions of cancellation
 u - 5 potions of agility
 w - 8 potions of curing
 z - 2 potions of ambrosia
 K - a potion of resistance
 Q - a potion of brilliance
Books
 C - a manual of Shields
 R - a manual of Shields
Comestibles
 b - 5 chunks of flesh
 f - 19 bread rations
 t - 10 meat rations


   Skills:
 + Level 18.0 Fighting
 + Level 17.8 Axes
 - Level 7.1 Bows
 + Level 15.1 Armour
 + Level 15.8 Dodging
 * Level 20.5 Shields
 - Level 12.8 Invocations
 + Level 14.3 Evocations


You had 22 spell levels left.
You didn't know any spells.

Dungeon Overview and Level Annotations

Branches:
Dungeon (15/15)            Temple (1/1) D:7            Lair (6/6) D:11
 Shoals (0/4) Lair:3        Snake (4/4) Lair:4        Slime (0/5) Lair:6
    Orc (2/2) D:12            Elf (0/3) Orc:2        Vaults (5/5) D:14
  Crypt (0/3) Vaults:3     Depths (0/5) D:15

Altars:
Ashenzari
Cheibriados
Dithmenos
Elyvilon
Fedhas
Gozag
Hepliaklqana
Kikubaaqudgha
Makhleb
Okawaru
Qazlal
Ru
Sif Muna
Trog
Uskayaw
Vehumet
Xom
Yredelemnul
Zin
The Shining One

Shops:
D:4 ((   D:6 !   D:12 *(?   D:14 %?=   Orc:2 (}[}*   Snake:1 ??   Vaults:2 =


Innate Abilities, Weirdness & Mutations

You are under a permanent stasis effect.
You can dig through walls and to a lower floor.
Your four strong arms can wield two-handed weapons with a shield.
You have a pair of large antennae on your head. (SInv)
You are partially covered in thin metallic scales. (AC +2)
You are clumsy. (Dex -2)
Armour fits poorly on your strangely shaped body.
You are dopey. (Int -2)
Your magical capacity is low. (-10% MP)
You are robust. (+10% HP)


Message History

You hit the ironheart preserver.
There is a sudden explosion of sparks!
The brown very ugly thing completely misses you.
The ironheart preserver barely misses you.
You block the brown very ugly thing's attack. x2
A yaktaur and a deep troll come into view.
You block the brown very ugly thing's attack.
You block the ironheart preserver's attack.
You block the stone giant's attack.
The brown very ugly thing completely misses you.
You climb upwards.
There is a stone staircase leading down, spattered with blood here.
You see here a +2 shield.
You slice the stone giant!!
There is a sudden explosion of sparks!
The stone giant is severely wounded.
You hit the brown very ugly thing. x2;
There is a sudden explosion of sparks!
You chop the ironheart preserver into pieces!!!
There is a sudden explosion of sparks!
The brown very ugly thing bites you!
* * * LOW HITPOINT WARNING * * *
The acid corrodes you!
You are splashed with acid!
The acid burns!
You die...

#.###....###.#.....##
.######...#.###...##
##...###..#.# ##.##
#.....##..'.# ### ).....'##.###
##########
#.....#.#.#############........#
##...##.#.##.#.#.#.#.##........#
######.##.'....pu[....#........#
..###.##.##....C@u....#........#
.....##.###....[[[....'........#
.......## ##.#.#.#.#.##........#
######## ############........#
########################'#######
..........................#
..........................#
#.........................#
#..............((().......#


You could see an ironheart preserver, 2 very ugly things and a stone giant.

Vanquished Creatures
  Saint Roka (Vaults:1)
  Xtahua (Vaults:4)
  A bone dragon (Vaults:3)
  Jorgrun (Snake:2)
  A tentacled monstrosity (Vaults:5)
  Rupert (D:15)
  2 liches (Vaults:4)
  A sphinx (D:13)
  Agnes (D:14)
  2 shadow dragons
  A tengu reaver (Vaults:4)
  10 nagarajas
  2 frost giants
  14 vault wardens
  3 fire giants
  17 ironheart preservers
  An orc warlord (Orc:1)
  6 stone giants
  A war gargoyle (Vaults:4)
  3 very ugly things
  An entropy weaver (Vaults:2)
  A deep elf demonologist (Vaults:3)
  2 deep elf annihilators
  7 yaktaur captains
  A minotaur (Lab)
  A fire dragon (Vaults:2)
  Josephine (D:15)
  6 great orbs of eyes
  3 rakshasas
  7 hydras
  33 vault guards
  20 naga warriors
  4 ice dragons
  9 centaur warriors
  2 alligators (Lair:5)
  21 anacondas
  2 dancing weapons (D:14)
  11 ogre magi
  An alligator (shapeshifter) (Vaults:3)
  A catoblepas (D:13)
  4 deep troll earth magi
  12 shock serpents
  An orc high priest (Orc:1)
  2 tengu warriors
  18 naga sharpshooters
  8 deep elf knights
  2 iron trolls (D:12)
  Nergalle (D:10)
  A shadow wraith (Vaults:4)
  4 salamander mystics
  3 unseen horrors
  2 glowing orange brains
  8 skeletal warriors
  8 hill giants
  9 deep trolls
  16 ironbrand convokers
  2 flayed ghosts
  10 deep elf archers
  A lindwurm (Lair:6)
  4 naga ritualists
  A phantasmal warrior (D:13)
  3 swamp dragons (Lair:5)
  3 necromancers
  16 orc knights
  A wolf spider zombie (D:15)
  6 harpies (Vaults:3)
  4 wolf spiders
  19 salamanders
  2 oklob plants (Lair:4)
  20 deep elf magi
  8 orc sorcerers
  A cyclops (shapeshifter) (D:15)
  A frost giant zombie (Vaults:2)
  A mana viper (shapeshifter) (Vaults:2)
  10 mana vipers
  35 ugly things
  A moth of wrath (shapeshifter) (Vaults:4)
  14 cyclopes
  3 manticores
  4 centaur zombies
  The ghost of spsoon the Cleaver, a novice HOMo (D:4)
  41 black mambas
  16 naga magi
  8 elephants (Lair:5)
  17 vault sentinels
  Psyche (D:11)
  6 torpor snails (Lair:6)
  An ice statue (IceCv)
  19 guardian serpents
  2 gargoyles
  8 spiny frogs
  27 yaktaurs
  3 kobold demonologists
  9 komodo dragons
  8 rime drakes
  An efreet (D:13)
  4 freezing wraiths
  3 tengu conjurers (D:13)
  12 trolls
  A meliai (shapeshifter) (Vaults:4)
  4 tyrant leeches (Lair:6)
  21 polar bears
  7 hornets
  25 two-headed ogres
  A blink frog (shapeshifter) (Vaults:1)
  18 blink frogs
  A sphinx simulacrum (Vaults:2)
  A meliai zombie (D:11)
  31 slime creatures
  11 hippogriffs
  12 dream sheep (Lair:6)
  A stone giant simulacrum (Vaults:2)
  2 redbacks
  A centaur simulacrum (D:13)
  9 wraiths
  A spriggan (D:8)
  2 shadows
  70 yaks
  A vampire (D:12)
  3 wyverns
  3 steam dragons
  2 human simulacra (Vaults:2)
  5 vampire mosquitoes
  3 basilisks
  8 hungry ghosts
  2 mottled dragons
  7 wargs
  A mottled dragon (shapeshifter) (D:15)
  4 swamp worms (Lair:5)
  59 nagas
  10 water moccasins
  4 soldier ants
  9 porcupines
  2 black bears
  4 ice beasts
  55 orc warriors
  3 sky beasts
  43 ogres
  A necrophage (D:10)
  An eye of draining (D:12)
  22 wolves
  8 centaurs
  2 phantoms
  16 crocodiles
  8 big kobolds
  31 bullfrogs
  3 human zombies (Vaults:2)
  A gnoll sergeant (Orc:2)
  An earth elemental (Lab)
  3 human skeletons (Vaults:2)
  A water moccasin zombie (D:9)
  2 wyvern skeletons
  7 scorpions
  9 killer bees
  An elf simulacrum (Vaults:1)
  6 wights
  2 electric eels (D:12)
  3 howler monkeys
  10 crimson imps
  2 quasits
  A bullfrog zombie (D:13)
  37 orc priests
  5 hounds
  21 jellies
  5 centaur skeletons
  A gnoll shaman (D:6)
  49 orc wizards
  2 bullfrog skeletons
  Jessica (D:3)
  3 iguanas
  9 worker ants
  7 hell rats (Lair:2)
  A hound zombie (D:7)
  A hound skeleton (D:8)
  Robin (D:2)
  2 howler monkey zombies
  A worker ant zombie (D:11)
  16 gnolls
  8 adders
  18 river rats
  A shadow imp (D:9)
  12 white imps (Lair:3)
  16 oozes
  2 adder skeletons
  4 worms
  2 dart slugs
  4 leopard geckos
  104 orcs
  7 bats
  7 giant cockroaches
  13 goblins
  10 hobgoblins
  3 jackals (D:2)
  6 quokkas
  5 ball pythons
  6 frilled lizards
  A jackal skeleton (D:5)
  22 kobolds
  A quokka skeleton (D:4)
  2 quokka zombies
  19 rats
  A bush (D:14)
  9 fungi
  23 plants
1716 creatures vanquished.

Vanquished Creatures (others)
  A vault guard (Vaults:5)
  A mana viper (Snake:4)
  A yaktaur (Vaults:3)
  An ogre (Vaults:5)
  22 fungi
  16 plants
42 creatures vanquished.

Grand Total: 1758 creatures vanquished

Notes
Turn   | Place    | Note
-------+----------+-------------------------------------------
     0 | D:1      | Llamajah the Formicid Fighter began the quest for the Orb.
     0 | D:1      | Reached XP level 1. HP: 18/18 MP: 1/1
    95 | D:1      | Reached XP level 2. HP: 20/24 MP: 2/2
   322 | D:1      | Reached XP level 3. HP: 29/29 MP: 3/3
   586 | D:2      | Reached skill level 1 in Dodging
   587 | D:2      | Noticed Robin
   604 | D:2      | Killed Robin
   631 | D:2      | Reached XP level 4. HP: 26/35 MP: 4/4
   998 | D:2      | Reached skill level 4 in Shields
   998 | D:2      | Reached XP level 5. HP: 42/42 MP: 5/5
  1321 | D:3      | Found a faded altar of an unknown god.
  1707 | D:3      | Reached XP level 6. HP: 38/48 MP: 6/6
  1861 | D:3      | Noticed Jessica
  1882 | D:3      | Killed Jessica
  2467 | D:4      | Found Haluam's Antique Weapon Boutique.
  2471 | D:4      | Bought a broad axe for 104 gold pieces
  2875 | D:4      | Reached XP level 7. HP: 41/55 MP: 7/7
  3009 | D:4      | Noticed spsoon's ghost (novice HOMo)
  3025 | D:4      | Killed spsoon's ghost
  3025 | D:4      | Reached skill level 5 in Axes
  3025 | D:4      | Reached skill level 5 in Shields
  3139 | D:4      | Found Quod's Weapon Shoppe.
  3224 | D:5      | Entered Level 5 of the Dungeon
  3254 | D:5      | Reached skill level 5 in Fighting
  3254 | D:5      | Reached XP level 8. HP: 51/62 MP: 8/8
  3374 | D:5      | Reached XP level 9. HP: 82/82 MP: 9/9
  3449 | D:5      | You fall through a shaft for 2 floors!
  3514 | D:6      | Reached skill level 5 in Armour
  4410 | D:6      | Found Rebiul's Distillery.
  4413 | D:6      | Bought a potion of curing for 33 gold pieces
  4413 | D:6      | Bought a potion of curing for 33 gold pieces
  4413 | D:6      | Bought a potion of curing for 33 gold pieces
  4413 | D:6      | Bought a potion of curing for 33 gold pieces
  4788 | D:7      | Reached skill level 1 in Evocations
  5041 | D:7      | Got an ancient wooden ring
  5109 | D:7      | Identified the ring "Buow" {+Inv +Fly Str+5} (You found it on level 7 of the Dungeon)
  5115 | D:7      | Found a staircase to the Ecumenical Temple.
  5162 | Temple   | Entered the Ecumenical Temple
  5329 | Temple   | Became a worshipper of Cheibriados the Contemplative
  5811 | D:8      | Noticed a deep elf mage
  5823 | D:8      | Killed a deep elf mage
  5823 | D:8      | Reached skill level 6 in Shields
  5823 | D:8      | Reached XP level 10. HP: 83/90 MP: 11/11
  6054 | D:8      | Reached * piety under Cheibriados
  6398 | D:4      | Bought a +0 longbow for 63 gold pieces
  6852 | D:9      | Reached ** piety under Cheibriados
  7085 | D:9      | Found a burning altar of Makhleb.
  7223 | D:10     | Entered Level 10 of the Dungeon
  7228 | D:10     | Reached skill level 1 in Invocations
  7228 | D:10     | Reached skill level 10 in Axes
  7228 | D:10     | Reached skill level 1 in Bows
  7461 | D:10     | Reached XP level 11. HP: 70/96 MP: 13/13
  7839 | D:10     | Identified a scroll of acquirement
  7879 | D:10     | Noticed a hill giant
  7885 | D:10     | Killed a hill giant
  7885 | D:10     | Reached skill level 7 in Shields
  7926 | D:10     | Reached *** piety under Cheibriados
  8129 | D:10     | Noticed Nergalle
  8142 | D:10     | Killed Nergalle
  8256 | D:11     | Noticed a hill giant
  8261 | D:11     | Killed a hill giant
  8298 | D:11     | Noticed an unseen horror
  8312 | D:11     | Killed an unseen horror
  8485 | D:11     | Found a flickering gateway to a bazaar.
  8492 | Bazaar   | Entered a bazaar
  8492 | Bazaar   | Found Qeguorph's Antique Weapon Boutique.
  8492 | Bazaar   | Found Soihias's General Store.
  8492 | Bazaar   | Found Kiomaf's Magic Scroll Shop.
  8494 | Bazaar   | Found Atoef's Assorted Antiques.
  8543 | Bazaar   | Bought a scroll of enchant armour for 82 gold pieces
  8571 | Bazaar   | Bought a glowing ruby ring for 75 gold pieces
  8571 | Bazaar   | Bought a scroll labeled VAXELER IMOE for 15 gold pieces
  8571 | Bazaar   | Bought a scroll labeled SAIREGO ATOMA for 15 gold pieces
  8571 | Bazaar   | Bought a potion of heal wounds for 75 gold pieces
  8571 | Bazaar   | Bought an amethyst potion for 13 gold pieces
  8587 | Bazaar   | Bought a dazzling shortbow for 184 gold pieces
  8593 | Bazaar   | Bought a scroll of identify for 22 gold pieces
  8593 | Bazaar   | Bought a scroll of identify for 22 gold pieces
  8604 | Bazaar   | Identified the cursed +2 shortbow "Apefuib" {freeze, MR+ Stlth+} (You bought it in a shop in a bazaar)
  8656 | D:11     | Found a staircase to the Lair.
  8952 | D:11     | Noticed Psyche
  8961 | D:11     | Killed Psyche
  8964 | D:11     | Reached **** piety under Cheibriados
  8964 | D:11     | Reached XP level 12. HP: 90/103 MP: 13/15
  9758 | D:11     | Reached skill level 8 in Shields
  9995 | Lair:1   | Entered Level 1 of the Lair of Beasts
 10028 | Lair:1   | Reached skill level 5 in Dodging
 10344 | Lair:1   | Noticed a six-headed hydra
 10355 | Lair:1   | Killed a one-headed hydra
 10355 | Lair:1   | Reached skill level 5 in Invocations
 10439 | Lair:1   | Reached ***** piety under Cheibriados
 10519 | Lair:1   | Reached skill level 5 in Evocations
 11118 | Lair:2   | Reached XP level 13. HP: 111/111 MP: 17/17
 11447 | Lair:2   | Reached ****** piety under Cheibriados
 12039 | Lair:3   | Found a frozen archway.
 12184 | IceCv    | Entered an ice cave
 12201 | IceCv    | Reached skill level 9 in Shields
 12634 | IceCv    | Noticed a frost giant
 12658 | IceCv    | Killed a frost giant
 14174 | Lair:3   | Reached XP level 14. HP: 111/119 MP: 19/19
 14301 | Lair:3   | Found a staircase to the Shoals.
 14752 | Lair:4   | Found a labyrinth entrance.
 14762 | Lab      | Entered a labyrinth
 15643 | Lair:4   | Gained mutation: You are partially covered in thin metallic scales. (AC +2) [potion of beneficial mutation]
 15644 | Lair:4   | Gained mutation: You are robust. (+10% HP) [potion of beneficial mutation]
 15668 | Lair:4   | Found a staircase to the Snake Pit.
 15728 | Lair:4   | Found a blossoming altar of Fedhas.
 16894 | Lair:5   | Reached skill level 10 in Shields
 16979 | Lair:5   | Reached skill level 5 in Bows
 18040 | Lair:6   | Entered Level 6 of the Lair of Beasts
 18123 | Lair:6   | Reached XP level 15. HP: 137/138 MP: 21/21
 18378 | Lair:6   | Found a staircase to the Slime Pits.
 18953 | Lair:6   | Found a runed door.
 19718 | D:12     | Found a staircase to the Orcish Mines.
 19719 | D:12     | Found Wustralyu's Assorted Antiques.
 19725 | D:12     | Bought a scroll of enchant armour for 262 gold pieces
 19785 | D:12     | Found Xegaopsu's Weapon Boutique.
 19845 | D:12     | Reached skill level 10 in Armour
 20241 | D:12     | Found Woyvoiwk's Magic Scroll Emporium.
 20252 | D:12     | Bought a scroll of enchant armour for 105 gold pieces
 20252 | D:12     | Bought a scroll of enchant weapon for 105 gold pieces
 21160 | D:13     | Found a portal to a secret trove of treasure.
 21198 | D:13     | Reached XP level 16. HP: 147/147 MP: 22/22
 22014 | D:13     | Noticed a sphinx
 22014 | D:13     | Noticed a shadow dragon
 22019 | D:13     | Killed a sphinx
 22029 | D:13     | Killed a shadow dragon
 22714 | Orc:1    | Entered Level 1 of the Orcish Mines
 23210 | Orc:1    | Reached skill level 10 in Invocations
 23350 | Orc:2    | Entered Level 2 of the Orcish Mines
 24176 | Orc:2    | Found Turricvu's Antique Weapon Boutique.
 24176 | Orc:2    | Found Uloxzikh's Antique Armour Shop.
 24177 | Orc:2    | Found Ygeqaipp's Gadget Shop.
 24200 | Orc:2    | Reached skill level 15 in Fighting
 24274 | Orc:2    | Found Hein's Gadget Boutique.
 24345 | Orc:2    | Found Tadumelu's General Store.
 24345 | Orc:2    | Gained mutation: Armour fits poorly on your strangely shaped body. [a neqoxec]
 24345 | Orc:2    | Gained mutation: You are clumsy. (Dex -2) [a neqoxec]
 24540 | Orc:2    | Found a staircase to the Elven Halls.
 24552 | Orc:2    | Bought the +1 plate armour of the Lumpy Ghosts {rPois Regen+} for 470 gold pieces
 24692 | Orc:2    | Reached skill level 10 in Evocations
 24828 | D:12     | Bought a scroll of acquirement for 728 gold pieces
 24828 | D:12     | Bought a scroll of acquirement for 728 gold pieces
 24911 | D:13     | You paid a toll of 2 scrolls of acquirement to enter a treasure trove
 24912 | Trove    | Entered a treasure trove
 24956 | Trove    | Identified Sif Muna's Grimoire of the Oath
 24977 | Trove    | Identified Sif Muna's Magic, Part One
 24982 | Trove    | Identified Tupt's Incunabulum of Cold and Combat Magic
 25065 | D:14     | Found a gate to the Vaults.
 25103 | D:14     | Noticed Agnes
 25112 | D:14     | Killed Agnes
 25187 | D:14     | Found Vets's Jewellery Emporium.
 25227 | D:14     | Reached XP level 17. HP: 136/156 MP: 24/24
 25412 | D:14     | Found Curos's Magic Scroll Emporium.
 25423 | D:14     | Bought a scroll of enchant armour for 112 gold pieces
 26068 | D:14     | Found Ruheig's Food Emporium.
 26215 | D:14     | Bought a scroll of enchant armour for 112 gold pieces
 26229 | D:15     | Entered Level 15 of the Dungeon
 26349 | D:15     | Noticed Josephine
 26354 | D:15     | Killed Josephine
 26430 | D:15     | Reached skill level 15 in Axes
 26517 | D:15     | Reached skill level 10 in Dodging
 26571 | D:15     | Noticed Rupert
 26578 | D:15     | Killed Rupert
 26762 | D:15     | Found a staircase to the Depths.
 27253 | Snake:1  | Entered Level 1 of the Snake Pit
 27529 | Snake:1  | Found Orphees's Magic Scroll Emporium.
 27534 | Snake:1  | Found Zuicane's Magic Scroll Emporium.
 27543 | Snake:1  | Bought a scroll of enchant armour for 135 gold pieces
 28594 | Snake:1  | Bought a scroll of enchant weapon for 105 gold pieces
 28701 | Snake:2  | Reached XP level 18. HP: 99/165 MP: 26/26
 29547 | Snake:2  | Noticed Jorgrun
 29556 | Snake:2  | Killed Jorgrun
 31442 | Snake:4  | Entered Level 4 of the Snake Pit
 31694 | Snake:4  | Reached XP level 19. HP: 113/172 MP: 21/27
 33177 | Snake:4  | Reached skill level 11 in Shields
 34043 | Snake:4  | Got a serpentine rune of Zot
 34550 | Vaults:1 | Entered Level 1 of the Vaults
 34552 | Vaults:1 | Noticed Saint Roka
 34664 | D:14     | Reached skill level 12 in Shields
 34668 | Vaults:1 | Reached XP level 20. HP: 135/182 MP: 29/29
 34767 | Vaults:1 | Killed Saint Roka
 35556 | Vaults:1 | Reached skill level 13 in Shields
 36136 | Vaults:2 | Found Ifuega's Jewellery Emporium.
 36431 | Vaults:2 | Reached skill level 14 in Shields
 36905 | Vaults:2 | Reached skill level 15 in Shields
 36921 | Vaults:2 | HP: 5/182 [cyclops (illusionary) (25)]
 37171 | Vaults:2 | Reached XP level 21. HP: 166/190 MP: 30/30
 37945 | Vaults:3 | Reached skill level 15 in Dodging
 38068 | Vaults:3 | Reached skill level 16 in Shields
 38360 | Vaults:3 | Reached skill level 17 in Shields
 38592 | Vaults:3 | Noticed a bone dragon
 38603 | Vaults:3 | Killed a bone dragon
 38644 | Vaults:3 | Found a staircase to the Crypt.
 39099 | Vaults:3 | Reached XP level 22. HP: 102/200 MP: 32/32
 39434 | Vaults:3 | Reached skill level 18 in Shields
 40533 | Vaults:4 | Reached skill level 19 in Shields
 40750 | Vaults:4 | Noticed Xtahua
 40759 | Vaults:4 | Killed Xtahua
 41849 | Vaults:5 | Entered Level 5 of the Vaults
 41858 | Vaults:4 | Reached skill level 15 in Armour
 41887 | Vaults:4 | Gained mutation: Your magical capacity is low. (-10% MP) [a neqoxec]
 41889 | Vaults:4 | Gained mutation: You are dopey. (Int -2) [a neqoxec]
 41894 | Vaults:4 | Reached XP level 23. HP: 206/209 MP: 30/30
 41921 | Vaults:4 | Reached skill level 20 in Shields
 42062 | Vaults:5 | HP: 8/209 [tentacled monstrosity (8)]
 42066 | Vaults:4 | HP: 2/209 [brown very ugly thing (10)]
 42066 | Vaults:4 | Splashed by a brown very ugly thing's acid

Skill      XL: |  1  2  3  4  5  6  7  8  9 10 11 12 13 14 15 16 17 18 19 20 21 22 23 |
---------------+----------------------------------------------------------------------+-----
Dodging        | 1 2 3 4 5 6 7 9 11 13 14 15 | 15.8
Axes           | 3 4 5 9 10 11 12 13 14 15 16 17 | 17.8
Shields        | 4 5 6 7 8 9 10 12 15 17 19 20 | 20.5
Fighting       | 4 5 12 13 14 15 16 17 18 | 18.0
Armour         | 4 5 6 7 8 9 10 11 12 13 14 15 | 15.1
Evocations     | 2 4 5 6 7 9 10 11 12 13 14 | 14.3
Invocations    | 2 3 5 6 8 9 10 11 12 | 12.8
Bows           | 1 2 3 4 5 6 7 |  7.1

Action                   |  1- 3 |  4- 6 |  7- 9 | 10-12 | 13-15 | 16-18 | 19-21 | 22-24 || total
-------------------------+-------+-------+-------+-------+-------+-------+-------+-------++-------
Melee: War axe           |    84 |   186 |       |       |       |       |       |       ||   270
       Broad axe         |       |    15 |   220 |   100 |       |       |       |       ||   335
       Battleaxe         |       |       |       |   326 |   361 |       |       |       ||   687
       Hand axe          |       |       |       |     8 |    43 |       |       |       ||    51
       Executioner's axe |       |       |       |       |   489 |   931 |   966 |   324 ||  2710
 Fire: Longbow           |       |       |       |     3 |     3 |    41 |    24 |     2 ||    73
Invok: Slouch            |       |       |       |       |     2 |     6 |     7 |     1 ||    16
       Step From Time    |       |       |       |       |       |       |     1 |       ||     1
 Abil: Dig               |       |       |       |       |    13 |     5 |     2 |     1 ||    21
       Evoke Flight      |       |       |       |       |     2 |       |       |       ||     2
       Evoke Invisibilit |       |       |       |       |     1 |       |     1 |       ||     2
Evoke: Wand              |       |       |       |       |       |       |     5 |       ||     5
  Use: Potion            |       |       |     4 |     3 |    11 |     1 |     3 |     1 ||    23
       Scroll            |       |       |    14 |    15 |    12 |     9 |    14 |     1 ||    65
 Stab: Invisible         |       |       |       |       |     2 |       |     2 |       ||     4
       Distracted        |       |       |       |       |       |       |     1 |       ||     1
  Eat: Chunk             |       |     6 |    28 |    18 |    29 |    27 |    17 |     5 ||   130
       Royal jelly       |       |       |       |       |       |     1 |       |       ||     1
       Pizza             |       |       |       |       |       |       |       |     1 ||     1
Armor: Scale mail        |    52 |    79 |   124 |   160 |   169 |       |       |       ||   584
       Swamp dragon scal |       |       |       |       |    32 |    78 |       |       ||   110
       Plate armour      |       |       |       |       |       |   155 |   174 |    47 ||   376
Dodge: Dodged            |    40 |    73 |    96 |   200 |   506 |   592 |   451 |   137 ||  2095
Block: Shield            |    46 |    97 |   130 |   376 |   848 |  1005 |   128 |       ||  2630
       Large shield      |       |       |       |       |       |       |  1234 |   449 ||  1683
